 Dungeon Crawl Stone Soup version 0.28.0-43-g3370ac3207 (webtiles) character file.

Game seed: 234157671963096795

110 Zonian the Cutter (level 4, -7/51 HPs)
             Began as a Demonspawn Gladiator on Mar 6, 2022.
             Was a Believer of Uskayaw.
             Mangled by a wyvern (12 damage)
             ... on level 4 of the Dungeon.
             The game lasted 00:04:26 (3517 turns).

Zonian the Cutter (Demonspawn Gladiator)            Turns: 3517, Time: 00:04:27

Health: -7/51      AC: 12    Str: 20    XL:     4   Next: 61%
Magic:  4/4        EV: 13    Int: 10    God:    Uskayaw [**....]
Gold:   182        SH:  0    Dex: 16    Spells: 3/3 levels left

rFire   . . .      SeeInvis .   h - +2 dagger (protect)
rCold   . . .      Faith    .   (no shield)
rNeg    . . .      Spirit   .   b - +0 leather armour
rPois   .          Reflect  .   c - +0 helmet
rElec   .          Harm     .   (no cloak)
rCorr   .          Rampage  .   (no gloves)
Will    .....                   (no boots)
Stlth   ..........              (no amulet)
HPRegen 0.17/turn               m - +6 ring of strength
MPRegen 0.09/turn               (no ring)

@: berserking (expiring), under a protective aura, very quick
A: demonic guardian 1, sharp scales 1
a: Renounce Religion, Stomp, Line Pass


You were on level 4 of the Dungeon.
You worshipped Uskayaw.
Uskayaw was noncommittal.
You visited 1 branch of the dungeon, and saw 4 of its levels.

You collected 182 gold pieces.

Inventory:

Hand Weapons
 a - a +0 rapier
 f - a +0 hunting sling
 h - a +2 dagger of protection (weapon)
Missiles
 d - 3 throwing nets (quivered)
 g - 94 stones
 q - 3 javelins
Armour
 b - a +0 leather armour (worn)
 c - a +0 helmet (worn)
 k - a +0 buckler
 r - the +0 ring mail "Aschoru" {rF- rC+ Will+}
   (You found it on level 3 of the Dungeon)

   rF:        It makes you vulnerable to fire.
   rC:        It protects you from cold.
   Will:      It increases your willpower.
Jewellery
 m - a +6 ring of strength (left hand)
Wands
 l - a wand of flame (5)
Scrolls
 t - 2 scrolls of identify
Potions
 e - a potion of resistance
 j - a potion of attraction {unknown}
 n - a potion of degeneration {unknown}
 o - a potion of heal wounds {unknown}
 p - a potion of brilliance {unknown}
 s - a potion of flight {unknown}


   Skills:
 + Level 2.9 Fighting
 + Level 3.3 Short Blades
 + Level 2.6 Throwing
 + Level 3.3 Dodging
 + Level 0.7 Invocations


You had 3 spell levels left.
You didn't know any spells.
Your spell library contained the following spells:

 Spells                   Type           Power      Damage    Failure   Level
 Shock                    Conj/Air       0%         1d3       41%         1
 Swiftness                Air            0%         N/A       80%         3
 Ice Form                 Ice/Tmut       0%         N/A       99%         4
 Silence                  Hex/Air        0%         N/A       100%        5


Dungeon Overview and Level Annotations

Branches:
Dungeon (4/15)
 Temple: D:4-7

Altars:
Uskayaw


Innate Abilities, Weirdness & Mutations

A weak demonic guardian rushes to your aid.
You are partially covered in razor-sharp scales. (AC +1, Slay +1)


Message History

The adder is almost dead.
The centaur shoots an arrow.
The arrow hits you but does no damage. The adder misses you.
The wyvern closely misses you.
You barely miss the adder.
The adder is almost dead.
The centaur shoots an arrow.
The arrow hits you!
* * * LOW HITPOINT WARNING * * *
The adder bites you.
* * * LOW HITPOINT WARNING * * *
A demonic guardian appears!
You hit the adder.
You kill the adder!
The wyvern bites you but does no damage.
The centaur shoots an arrow.
The arrow completely misses your quasit.
The arrow closely misses you.
You hear a shout!
You closely miss the orc. The wyvern closely misses you.
Unknown command.
You closely miss the wyvern.
The centaur shoots an arrow.
The arrow hits your quasit!
The wyvern bites you but does no damage.
Your quasit barely misses the wyvern. x2; Your quasit misses the wyvern.
The orc misses you.
Unknown command.
You hit the wyvern.
The wyvern is moderately wounded.
The centaur shoots an arrow.
The arrow barely misses your quasit. The arrow hits you.
* * * LOW HITPOINT WARNING * * *
The wyvern closely misses you.
Your quasit bites the wyvern but does no damage.
Your quasit claws the wyvern but does no damage. x2
You puncture the wyvern!
The wyvern is severely wounded.
The orc misses you.
The centaur shoots an arrow.
The arrow hits your quasit!
Your quasit dies!
Your quasit disappears in a puff of smoke!
The wyvern bites you!
You die...

#
#.........#.......
..
#.#.#####.#.......
#.#.......#..#####
..##.#.######...#
..................
...##..##...###...#
...#.# #.#.#
.....###o.†#
......l@###...#
...#..#§# .#.#
...#. (.# #S .# #
###. #. .. . #o ..
.c #. # ## ##


You could see a wyvern, a centaur and an orc.

Vanquished Creatures
  2 adders (D:4)
  An ufetubus (D:3)
  An adder skeleton (D:2)
  6 dart slugs
  2 worms (D:2)
  7 bats
  6 endoplasms
  6 giant cockroaches
  9 goblins
  4 hobgoblins
  2 quokkas
  6 ball pythons
  A frilled lizard (D:3)
  3 kobolds (D:1)
  2 rats
58 creatures vanquished.

Vanquished Creatures (collateral kills)
  A ball python (D:2)
  An endoplasm (D:2)
  A quokka (D:2)
3 creatures vanquished.

Grand Total: 61 creatures vanquished

Notes
Turn   | Place    | Note
-------+----------+-------------------------------------------
     0 | D:1      | Zonian the Demonspawn Gladiator began the quest for the
                  | Orb.
     0 | D:1      | Reached XP level 1. HP: 16/16 MP: 1/1
   169 | D:1      | Gained mutation: A weak demonic guardian rushes to your
                  | aid. [demonic ancestry]
   169 | D:1      | Reached XP level 2. HP: 22/22 MP: 2/2
   977 | D:1      | You fall into a shaft and drop 1 floor!
  1002 | D:2      | Gained mutation: You are partially covered in razor-sharp
                  | scales. (AC +1, Slay +1) [demonic ancestry]
  1002 | D:2      | Reached XP level 3. HP: 28/28 MP: 3/3
  1681 | D:2      | Found a faded altar of an unknown god.
  2265 | D:3      | Reached XP level 4. HP: 33/34 MP: 4/4
  2342 | D:3      | Identified the +0 ring mail "Aschoru" {rF- rC+ Will+}
  2391 | D:3      | Found a hide-covered altar of Uskayaw.
  2403 | D:3      | Became a worshipper of Uskayaw the Reveller
  2618 | D:3      | Reached * piety under Uskayaw
  3470 | D:4      | Got the Collected Works on Air and Shape Shifting
  3502 | D:4      | Noticed a wyvern
  3502 | D:4      | Noticed a centaur
  3506 | D:4      | Reached ** piety under Uskayaw
  3517 | D:4      | Mangled by a wyvern

Illustrated notes

Levels and vault maps discovered:
D:1:      minmay_arrival_three_doors, layout_loops_ring
D:2:      kennysheep_big_flooded_room, layout_loops_ring,
          shapermc_ecumenical_altar_ellora
D:3:      layout_basic, nicolae_uskayaw_dance_hall,
          chequers_serial_rivers_room_a, grunt_ministairs_4
D:4:      layout_basic, minmay_misc_feat_room, minmay_starry_boxes

Skill      XL: |  1  2 |
---------------+-------+-----
Throwing       | 2 |  2.6
Short Blades   | 3 |  3.3
Dodging        | 3 |  3.3
Fighting       | |  2.9
Invocations    | |  0.7

Action                   |  1- 3 |  4- 6 || total
-------------------------+-------+-------++-------
Melee: Rapier            |    46 |       ||    46
       Dagger            |    66 |    69 ||   135
       Punch             |     1 |       ||     1
  Use: Scroll            |       |     5 ||     5
       Potion            |       |     1 ||     1
 Stab: Sleeping          |     2 |     1 ||     3
Armor: Leather armour    |    45 |    19 ||    64
Dodge: Dodged            |    47 |    48 ||    95
